AoeStats
← Jernau Morat Gurgeh

Arabia

510413985Analyzed
1v1 RM · 3d ago on Sep 30, 2026· 47m 53s· 2 players
Game mode
Random Map
Map size
Tiny (2 player)
Population
200
Speed
Normal
Resources
Standard
Victory
Conquest
Starting age
Dark Age
Ending age
Imperial Age
RankedLock teamsTeams togetherTeam positionsShared explorationLock speedFull tech treeHidden civsTurbo modeCheats
Victory
Defeat
🇮🇳 Magyars · India
1223
+15
🇨🇦 Danes · Canada
1194
-15
Jernau Morat Gurgeh
8:05 Loom
9:51 Feudal Age
10:16 Feudal Age
11:25 Man-at-Arms
14:01 Double-Bit Axe
15:59 Wheelbarrow
15:37 Horse Collar
16:48 Arson
18:20 Forging
19:09 Fletching
20:17 Padded Archer Armor
25:18 Castle Age
23:25 Scale Mail Armor
25:32 Elite Skirmisher
28:09 Bodkin Arrow
29:33 Squires
32:15 Ballistics
34:10 Bow Saw
36:44 Chain Mail Armor
36:21 Gambesons
37:15 Hand Cart
36:46 Town Watch
40:49 Hamask
46:28 Imperial Age
45:13 Iron Casting
46:58 Leather Archer Armor
47:50 Plate Mail Armor
ssindho
8:47 Loom
12:22 Feudal Age
13:18 Double-Bit Axe
13:59 Horse Collar
17:19 Fletching
18:17 Padded Archer Armor
23:38 Castle Age
28:56 Wheelbarrow
28:48 Bow Saw
31:15 Thumb Ring
33:07 Bloodlines
32:57 Husbandry
33:41 Leather Archer Armor
34:16 Scale Barding Armor
34:07 Bodkin Arrow
36:11 Hand Cart
36:36 Ballistics
37:43 Chain Barding Armor
41:08 Imperial Age
38:03 Light Cavalry
42:52 Plate Barding Armor
43:44 Ring Archer Armor
45:45 Bracer
46:05 Hussar
47:46 Scale Mail Armor
Connection lost

Rejoining the realm…

Still unreachable

The connection could not be restored.

Session expired

The server has moved on; the page needs a fresh start.